 Dungeon Crawl Stone Soup version 0.18-a0-1526-gcb34c7c (webtiles) character file.

65 Kilingo the Skirmisher (level 3, -2/30 HPs)
             Began as a Minotaur Arcane Marksman on Mar 9, 2016.
             Slain by Natasha (3 damage)
             ... on level 2 of the Dungeon.
             The game lasted 00:14:10 (1170 turns).

Kilingo the Skirmisher (Minotaur Arcane Marksman)   Turns: 1170, Time: 00:14:11

Health: -2/30      AC:  4    Str: 15    XL:     3   Next: 94%
Magic:  3/3        EV: 12    Int: 10    God:
Gold:   52         SH:  0    Dex: 10    Spells: 1 memorised, 3 levels left

rFire  . . .     SeeInvis .       - Unarmed
rCold  . . .     Gourm    .     b - +0 robe
rNeg   . . .     Faith    .     (no shield)
rPois  .         Spirit   .     (helmet restricted)
rElec  .         Dismiss  .     g - +0 cloak
rCorr  .         Reflect  .     p - +0 pair of gloves
SustAt .         Harm     .     (no boots)
MR     .....                    (no amulet)
Stlth  +.........               (no ring)
                                (no ring)

@: not resistant to hostile enchantments, very unstealthy
A: retaliatory headbutt, horns 2
a: no special abilities


You were on level 2 of the Dungeon.
You were not hungry.

You visited 1 branch of the dungeon, and saw 2 of its levels.

You collected 52 gold pieces.

Inventory:

Hand Weapons
 a - a +0 hunting sling
Missiles
 d - 13 sling bullets
 k - 34 stones (quivered)
Armour
 b - a +0 robe (worn)
 g - a +0 cloak (worn)
 p - a +0 pair of gloves (worn)
Scrolls
 c - a scroll of recharging {unknown}
 e - a scroll of enchant weapon {unknown}
 i - a scroll of remove curse
 l - a scroll of identify {unknown}
 m - a scroll of random uselessness {unknown}
 o - a scroll of amnesia {unknown}
Potions
 h - a potion of curing {unknown}
 n - a potion of mutation {unknown}
Comestibles
 f - a bread ration
 j - a beef jerky
 q - a chunk of flesh


   Skills:
 - Level 2.6 Fighting
 + Level 2.1 Slings
 - Level 2.5 Armour
 + Level 2.1 Dodging
 + Level 2.1 Unarmed Combat
 - Level 1.0 Spellcasting
 - Level 2.0 Hexes


You had 3 spell levels left.
You knew the following spells:

 Your Spells              Type           Power        Failure   Level  Hunger
a - Corona                Hex            #......      17%         1    ##.....


Dungeon Overview and Level Annotations

Branches:
Dungeon (2/15)

Altars:
Cheibriados
Gozag

Annotations:
D:2 Natasha


Innate Abilities, Weirdness & Mutations

You reflexively headbutt those who attack you in melee.
You have a pair of horns on your head.


Message History

Natasha is severely wounded.
Natasha casts a spell.
You hit Natasha. Your headbutt misses Natasha.
Natasha is severely wounded.
Natasha casts a spell at you. The magic dart hits you!
You hit Natasha but do no damage.
Natasha is severely wounded.
Natasha claws you! The crimson imp misses you. You furiously retaliate!
You headbutt the crimson imp.
Natasha stares at you and mumbles some strange words.
The magic dart hits you!
* * * LOW HITPOINT WARNING * * *
You hit the crimson imp but do no damage.
Your headbutt misses the crimson imp.
The crimson imp is lightly wounded.
The crimson imp hits you.
* * * LOW HITPOINT WARNING * * *
Natasha claws you.
You die...

#### ##### ....######...##
.. ..............###### ...
...................# ...
....(.....#........## ....
.........<+.........# ....
#........#.........####....
#........#.........##.....#
.>.......5h@................
..........######.........###
...###.........#....##....#
.. #..##.....#.....#....+ .
#.$<#.....#.....#....##
#...#....(....#.#...... ...
#.)......#.######. ..
#........#.. +.
#........########.


You could see Natasha and a crimson imp.

Vanquished Creatures
  Natasha (D:2)
  An adder (D:2)
  A worm (D:2)
  A ball python (D:1)
  A giant cockroach (D:1)
  6 hobgoblins
  5 jackals (D:1)
  6 bats
  A giant newt (D:2)
  2 goblins (D:1)
  2 rats (D:1)
27 creatures vanquished.

Notes
Turn   | Place    | Note
--------------------------------------------------------------
     0 | D:1      | Kilingo the Minotaur Arcane Marksman began the quest for the Orb.
     0 | D:1      | Reached XP level 1. HP: 16/16 MP: 1/1
   120 | D:1      | Reached skill level 1 in Armour
   120 | D:1      | Reached skill level 1 in Unarmed Combat
   199 | D:1      | Reached XP level 2. HP: 18/23 MP: 2/2
   945 | D:2      | Found an opulent altar of Gozag.
  1004 | D:2      | Reached XP level 3. HP: 29/29 MP: 3/3
  1050 | D:2      | Found a snail-covered altar of Cheibriados.
  1112 | D:2      | Noticed Natasha
  1125 | D:2      | Killed Natasha
  1156 | D:2      | Noticed Natasha
  1167 | D:2      | HP: 1/30 [crimson imp[Natasha] (1)]
  1170 | D:2      | Slain by Natasha

Vault maps used:
D:1:      mrwooster_arrival_statue_2
D:2:      grunt_gozag_statues, cheibriados_altar_1, uniq_iyjb, uniq_natasha

Skill      XL: |  1  2  3 |
---------------+----------+-----
Armour         | 1 2 |  2.5
Unarmed Combat | 1 2 |  2.1
Fighting       | 2 |  2.6
Slings         | |  2.1
Dodging        | |  2.1
Spellcasting   | |  1.0
Hexes          | |  2.0

Action                   || total
-------------------------++-------
Melee: Unarmed           ||    54
 Fire: Hunting sling     ||    39
  Use: Scroll            ||     1
  Eat: Bread ration      ||     1
